 Dungeon Crawl Stone Soup version 0.31-a0-198-g2ad674f65e (webtiles) character file.

Game seed: 16274846909853008874

261 qw the Skirmisher (level 5, -2/30 HPs)
             Began as a Deep Elf Hunter on June 25, 2023.
             Slain by Edmund
             ... wielding a +2 heavy dire flail
              (15 damage)
             ... on level 4 of the Dungeon.
             The game lasted 00:01:05 (2993 turns).

qw the Skirmisher (Deep Elf Hunter)                 Turns: 2993, Time: 00:01:06

Health: -2/30      AC:  6    Str: 10    XL:     5   Next: 96%
Magic:  7/7        EV: 11    Int: 14    God:
Gold:   240        SH:  0    Dex: 18    Spells: 4/4 levels left

rFire   . . .        o - +0 longbow (heavy)
rCold   . . .        (shield currently unavailable)
rNeg    . . .        d - +0 ring mail
rPois   +            (no helmet)
rElec   .            e - +0 cloak {rPois}
rCorr   .            (no gloves)
SInv    .            (no boots)
Will    .....        (no amulet)
Stlth   +            (no ring)
HPRegen 0.25/turn    (no ring)
MPRegen 0.10/turn

%: no passive effects
@: no status effects
A: no striking features
a: no special abilities


You were on level 4 of the Dungeon.
You visited 1 branch of the dungeon, and saw 4 of its levels.

You collected 240 gold pieces.


   Skills:
 + Level 1.8 Fighting
 - Level 9.4 Ranged Weapons
 - Level 2.4 Dodging
 - Level 1.2 Stealth


You had 4 spell levels left.
You didn't know any spells.
Your spell library was empty.

Inventory:

Hand Weapons
 o - a +0 heavy longbow (weapon)
Armour
 d - a +0 ring mail (worn)
 e - a +0 cloak of poison resistance (worn)
Jewellery
 i - a +6 ring of intelligence
Scrolls
 j - 2 scrolls of teleportation
 n - a scroll of revelation {unknown}
Potions
 a - a potion of degeneration {unknown}
 b - 3 potions of curing
 c - 2 potions of ambrosia {unknown}
 f - a potion of mutation {unknown}
 g - 2 potions of heal wounds
 h - a potion of enlightenment
 k - a potion of brilliance {unknown}
 l - a potion of haste {unknown}
 m - a potion of resistance {unknown}

Dungeon Overview and Level Annotations

Branches:
Dungeon (4/15)
 Temple: D:4-7

Altars:
Fedhas
Wu Jian
Yredelemnul

Annotations:
D:4 Edmund


Message History

You now have 229 gold pieces (gained 10).
You now have 240 gold pieces (gained 11).
j - 2 scrolls of teleportation (gained 1)
Found 4 stones.
Enter note:
Enter note:
Enter note:
Enter note:
Enter note:
Enter note:
Enter note:
Enter note:
Enter note: Edmund the Younger comes into view.
He is wielding a +2 heavy dire flail and wearing a +2 scale mail of positive energy.
Edmund shouts!
Enter note:
Enter note:
Enter note:
Enter note:
Enter note:
Enter note:
Enter note:
Enter note:
Enter note: You shoot an arrow.
The arrow hits Edmund!
Edmund is moderately wounded.
You shoot an arrow. The arrow completely misses Edmund.
You shoot an arrow. The arrow closely misses Edmund.
Edmund barely misses you.
You shoot an arrow. The arrow barely misses Edmund.
Edmund hits you with a +2 heavy dire flail!!
Ouch! That really hurt!
You shoot an arrow.
The arrow hits Edmund but does no damage.
Edmund is moderately wounded.
Edmund barely misses you.
You shoot an arrow. The arrow barely misses Edmund.
Edmund hits you with a +2 heavy dire flail!
Ouch! That really hurt!
You die...

####.....###########..#######..##
.........'............>..........
####.....###########.............
#.....# #....#.##...## # #######
#..).......... ##
#####....#.##...## .##
############...............# .%#
#..%................#.##..##
..###.##########@###.#..#.###.#
......## #@# ######## #.#
..###..# #.# #.# ..# #..### #.#
#.# ..# #....# #.# ### ###
#.##...# #.# #####.####.#####.#
.................#
#######.##..### ######


You could see Edmund.

Vanquished Creatures
  A scorpion (D:4)
  An orc priest (D:4)
  An orc wizard (D:4)
  4 adders
  A worm (D:4)
  A dart slug (D:2)
  7 orcs
  10 ball pythons
  2 endoplasms
  15 giant cockroaches
  9 goblins
  10 hobgoblins
  3 jackals (D:1)
  10 kobolds
  4 quokkas
  7 bats
  A frilled lizard (D:2)
  8 rats
95 creatures vanquished.

Notes
Turn   | Place    | Note
-------+----------+-------------------------------------------
     0 | D:1      | qw the Deep Elf Hunter began the quest for the Orb.
     0 | D:1      | Reached XP level 1. HP: 12/12 MP: 3/3
     0 | D:1      | 0 ||| qw: Version: 0.3-a-22-g0ed2b0b
     0 | D:1      | 0 ||| qw: Game counter: 4940
     0 | D:1      | 0 ||| qw: Melee chars always use a shield: true
     0 | D:1      | 0 ||| qw: God list: Okawaru
     0 | D:1      | 0 ||| qw: Allow faded altars: false
     0 | D:1      | 0 ||| qw: Do Orc after clearing Dungeon:15 true
     0 | D:1      | 0 ||| qw: Do second Lair branch before Depths: true
     0 | D:1      | 0 ||| qw: Lair rune preference: random
     0 | D:1      | 0 ||| qw: Goals: Normal
     0 | D:1      | 0 ||| PLANNING D:1-11
    91 | D:1      | Reached XP level 2. HP: 16/16 MP: 4/4
    92 | D:1      | Reached skill level 6 in Ranged Weapons
   269 | D:1      | Reached XP level 3. HP: 20/20 MP: 5/5
   644 | D:1      | 644 ||| UPGRADING to +0 ring mail.
   654 | D:1      | 654 ||| DROPPING +0 leather armour.
   655 | D:1      | 655 ||| READING scroll labelled DECOYG MOTAS.
   656 | D:1      | 656 ||| READING scroll labelled BOIJAG IRAHUCH.
   657 | D:1      | 657 ||| READING scroll labelled CEGYOVVUIM.
   658 | D:1      | 658 ||| DRINKING 2 emerald potions.
   659 | D:1      | 659 ||| DROPPING scroll of butterflies.
   738 | D:2      | Reached skill level 7 in Ranged Weapons
   823 | D:2      | Reached XP level 4. HP: 25/25 MP: 6/6
  1101 | D:2      | Found a faded altar of an unknown god.
  1621 | D:2      | 1621 ||| READING scroll labelled SEODDE KUINTU.
  1621 | D:2      | Identified a scroll of acquirement
  1621 | D:2      | 1621 ||| ACQUIRING +0 cloak of poison resistance
  1621 | D:2      | Acquired a +0 cloak of poison resistance
  1623 | D:2      | 1623 ||| UPGRADING to +0 cloak of poison resistance.
  1628 | D:2      | 1628 ||| DRINKING 2 metallic clear potions.
  1774 | D:3      | Reached skill level 8 in Ranged Weapons
  1943 | D:3      | Found an ornate altar of the Wu Jian Council.
  1993 | D:3      | Found a basalt altar of Yredelemnul.
  2352 | D:3      | 2352 ||| READING scroll labelled UTWAHYEREO.
  2353 | D:3      | 2353 ||| READING 2 scrolls labelled FIUMAE WEONNOO.
  2356 | D:3      | 2356 ||| READING scroll labelled WERERO MOFU.
  2457 | D:3      | 2457 ||| DRINKING 3 bubbling yellow potions.
  2610 | D:4      | 2610 ||| Stepping ~*~*~tactically~*~*~ (outnumbered).
  2620 | D:4      | Reached XP level 5. HP: 29/29 MP: 7/7
  2677 | D:4      | Found a blossoming altar of Fedhas.
  2702 | D:4      | Reached skill level 9 in Ranged Weapons
  2899 | D:4      | 2899 ||| READING scroll of acquirement.
  2899 | D:4      | 2899 ||| ACQUIRING +0 heavy longbow
  2899 | D:4      | Acquired a +0 heavy longbow
  2901 | D:4      | 2901 ||| SWAPPING to +0 heavy longbow.
  2902 | D:4      | 2902 ||| DROPPING +0 shortbow.
  2987 | D:4      | Noticed Edmund
  2993 | D:4      | Slain by Edmund

Levels and vault maps discovered:
D:1:      sevenhm_arrival_forest_fort_small_4, layout_basic
D:2:      minmay_roachtagon, layout_loops_corners,
          nicolae_ecumenical_lake_church, amethyst_killhole
D:3:      layout_loops_ring, mainiacjoe_overflow_surrounded_room,
          nzn_wu_jian_council_hall
D:4:      layout_basic, fedhas_ov_isle_minmay, doesnt_xom_only_xom,
          kennysheep_generic_room_16, uniq_edmund

Skill      XL: |  1  2  3  4  5 |
---------------+----------------+-----
Ranged Weapons | 6 7 8 9 |  9.4
Fighting       | |  1.8
Dodging        | |  2.4
Stealth        | |  1.2

Action                     |  1- 3 |  4- 6 || total
---------------------------+-------+-------++-------
   Fire: Shortbow          |   116 |   123 ||   239
         Longbow           |       |     8 ||     8
    Use: Scroll            |     3 |     5 ||     8
         Potion            |     1 |     2 ||     3
 Armour: Leather armour    |     5 |       ||     5
         Ring mail         |     7 |    15 ||    22
  Dodge: Dodged            |    17 |    30 ||    47

Table legend:
 A = Non-vault XP
 B = Vault XP
 C = Vault XP percentage of total XP
 D = Non-vault monster count
 E = Vault monster count
 F = Vault count percentage of total count
                 A         B        C        D         E       F
            +---------+---------+-------+---------+---------+-------
      Total |     346 |      28 |   7.5 |      81 |      14 |  14.7
            +---------+---------+-------+---------+---------+-------
        D:1 |      56 |       0 |   0.0 |      34 |       0 |   0.0
        D:2 |      35 |      26 |  42.6 |      15 |      13 |  46.4
        D:3 |      60 |       0 |   0.0 |      20 |       0 |   0.0
        D:4 |     195 |       2 |   1.0 |      12 |       1 |   7.7
            +---------+---------+-------+---------+---------+-------
